 Dungeon Crawl Stone Soup version 0.19-a0-1849-g2383789 (webtiles) character file.

731 Firebatgyro the Poker (level 7, -1/57 HPs)
             Began as a Demonspawn Wanderer on Oct 9, 2016.
             Was an Initiate of Gozag.
             Slain by a centaur skeleton (5 damage)
             ... on level 6 of the Dungeon.
             The game lasted 00:07:57 (4299 turns).

Firebatgyro the Poker (Demonspawn Wanderer)         Turns: 4299, Time: 00:07:57

Health: -1/57      AC: 10    Str: 14    XL:     7   Next: 45%
Magic:  7/7        EV:  6    Int: 14    God:    Gozag
Gold:   277        SH:  0    Dex: 14    Spells: 0 memorised, 6 levels left

rFire  . . .     SeeInvis .     a - +2 spear
rCold  . . .     Gourm    .     x - +0 chain mail
rNeg   . . .     Faith    .     (no shield)
rPois  .         Spirit   .     (helmet restricted)
rElec  .         Dismiss  .     (no cloak)
rCorr  .         Reflect  .     A - +0 pair of gloves
MR     .....     Harm     .     (no boots)
Stlth  ..........               (no amulet)
                                (no ring)
                                (no ring)

@: no status effects
A: antennae 2, thin skeletal structure 1, spiny 1
a: Potion Petition, Call Merchant, Bribe Branch, Renounce Religion


You were on level 6 of the Dungeon.
You worshipped Gozag.
Gozag was aware of your devotion.
You were not hungry.

You visited 2 branches of the dungeon, and saw 7 of its levels.

You collected 331 gold pieces.
You paid 54 gold pieces to Gozag.

Inventory:

Hand Weapons
 a - a +2 spear (weapon)
 d - a +0 dagger
Missiles
 u - 2 javelins (quivered)
Armour
 x - a +0 chain mail (worn)
 A - a +0 pair of gloves (worn)
Jewellery
 o - an uncursed ring of protection from cold {unknown}
Wands
 r - a wand of slowing (13/48)
 D - a wand of paralysis (7/24)
Scrolls
 e - a scroll of enchant weapon {unknown}
 h - a scroll of immolation {unknown}
 k - 2 scrolls of amnesia {unknown}
 l - 2 scrolls of identify {unknown}
 q - 5 scrolls of fear {unknown}
 t - a scroll of fog {unknown}
 y - a scroll of recharging {unknown}
 B - a scroll of blinking {unknown}
Potions
 b - 2 potions of lignification
 c - a potion of curing
 g - 2 potions of agility
 j - a potion of might
 m - 3 potions of flight
 s - a potion of resistance {unknown}
 z - a potion of brilliance {unknown}
 C - 2 potions of ambrosia {unknown}
Books
 w - a book of Misfortune

   Spells                             Type                      Level
   a - Confusing Touch                Hexes                        1
   b - Confuse                        Hexes                        3
   c - Gell's Gravitas                Hexes/Translocation          3
   d - Petrify                        Transmutation/Earth          4
   e - Metabolic Englaciation         Hexes/Ice                    5
   f - Yara's Violent Unravelling     Hexes/Transmutation          5
Comestibles
 f - 2 bread rations
 i - 3 beef jerkies
 n - a meat ration
 p - a royal jelly
 v - a slice of pizza


   Skills:
 + Level 5.8 Fighting
 + Level 6.0 Polearms
 - Level 1.0 Throwing
 + Level 2.7 Armour
 - Level 2.6 Stealth


You had 6 spell levels left.
You didn't know any spells.

Dungeon Overview and Level Annotations

Branches:
Dungeon (7/15)             Temple (1/1) D:4

Altars:
Dithmenos
Elyvilon
Gozag
Hepliaklqana
Kikubaaqudgha
Nemelex Xobeh
Okawaru
Trog
Uskayaw
Xom
Yredelemnul
Zin
The Shining One
Lugonu

Annotations:
D:4 Edmund


Innate Abilities, Weirdness & Mutations

You have a pair of antennae on your head.
You have a somewhat thin skeletal structure. (Dex +2, Stealth)
You are partially covered in sharp spines.


Message History

You hit the ogre.
The ogre is moderately wounded.
The ogre is struck by your spines.
The ogre hits you with a giant spiked club!
Your chain mail prevents you from hitting the ogre.
The ogre is moderately wounded.
The ogre hits you with a giant spiked club!!
You hit the ogre.
The ogre is heavily wounded.
Your chain mail prevents you from hitting the ogre.
The ogre is heavily wounded.
The centaur skeleton is struck by your spines.
The centaur skeleton hits you but does no damage.
The ogre hits you with a giant spiked club!
* * * LOW HITPOINT WARNING * * *
The centaur skeleton is struck by your spines.
The centaur skeleton hits you but does no damage.
The centaur skeleton hits you.
You die...
Your body crumbles into a pile of gold.

##..#..#..##.##
.....#.#......##.
..............$.
#..............
#.............#
#.............#
#.............# $
#............[#
#.@Z....>..$...
##...O>.........
#...............
#...............
#..............[
#.......######$.
#.......# ..
#.......#
#.......#


You could see an ogre and a centaur skeleton.

Vanquished Creatures
  A phantom (D:7)
  A wyvern skeleton (D:7)
  A scorpion (D:4)
  A water moccasin skeleton (D:7)
  2 howler monkeys
  2 crimson imps (D:7)
  A bullfrog zombie (D:6)
  An orc wizard (D:3)
  An orc priest (D:3)
  A hound (D:7)
  A centaur skeleton (D:4)
  Ijyb (D:3)
  2 worker ants
  5 adders
  A worm (D:2)
  2 dart slugs
  4 leopard geckos (D:3)
  10 orcs (D:3)
  A ball python (D:2)
  7 bats
  A giant cockroach (D:7)
  5 goblins
  6 hobgoblins
  4 kobolds
  2 quokkas
  4 frilled lizards
  6 rats
74 creatures vanquished.

Notes
Turn   | Place    | Note
-------+----------+-------------------------------------------
     0 | D:1      | Firebatgyro the Demonspawn Wanderer began the quest for the Orb.
     0 | D:1      | Firebatgyro set off with: a +2 spear, 2 potions of lignification, a +0 robe, a +0 dagger, a bread ration
     0 | D:1      | Reached XP level 1. HP: 16/16 MP: 1/1
   639 | D:1      | Gained mutation: You are partially covered in sharp spines. [demonic ancestry]
   639 | D:1      | Reached XP level 2. HP: 23/23 MP: 2/2
   660 | D:1      | Found a glowing golden altar of the Shining One.
   837 | D:2      | Found a sparkling altar of Nemelex Xobeh.
   851 | D:2      | Found a shadowy altar of Dithmenos.
  1041 | D:2      | Reached skill level 4 in Polearms
  1334 | D:2      | Gained mutation: You have a pair of small antennae on your head. [demonic ancestry]
  1334 | D:2      | Reached XP level 3. HP: 24/29 MP: 3/3
  1380 | D:2      | You fall through a shaft for 2 floors!
  1513 | D:4      | Reached XP level 4. HP: 35/35 MP: 4/4
  1606 | D:3      | Found a glowing silver altar of Zin.
  2133 | D:3      | Noticed Ijyb
  2150 | D:3      | Killed Ijyb
  2301 | D:3      | Gained mutation: You have a pair of antennae on your head. [demonic ancestry]
  2301 | D:3      | Reached XP level 5. HP: 28/42 MP: 5/5
  2758 | D:3      | Found an ancient bone altar of Kikubaaqudgha.
  2769 | D:3      | Found a basalt altar of Yredelemnul.
  2778 | D:3      | Reached skill level 5 in Polearms
  3016 | D:4      | Noticed Edmund
  3138 | D:4      | Found a staircase to the Ecumenical Temple.
  3236 | D:4      | Gained mutation: You have a somewhat thin skeletal structure. (Dex +2, Stealth) [demonic ancestry]
  3236 | D:4      | Reached XP level 6. HP: 14/50 MP: 6/6
  3240 | Temple   | Entered the Ecumenical Temple
  3299 | Temple   | Became a worshipper of Gozag Ym Sagoz the Greedy
  3526 | D:4      | You fall through a shaft for 3 floors!
  3550 | D:7      | Reached skill level 5 in Fighting
  3550 | D:7      | Reached skill level 1 in Armour
  3755 | D:7      | Reached XP level 7. HP: 42/56 MP: 7/7
  4120 | D:7      | Found a bloodstained altar of Trog.
  4269 | D:6      | Reached skill level 6 in Polearms
  4299 | D:6      | Slain by a centaur skeleton

Vault maps used:
D:1:      ncdulo_lavacross, tso_altar
D:2:      old_standard_altar, lemuel_crystal_altar, first_bread,
          minmay_item_behind_shaft, minmay_pentomino_s2
D:3:      gammafunk_temple_overflow_pools, lemuel_round_altar, uniq_iyjb
D:4:      uniq_edmund
D:7:      trog_hazing_becter
Temple:   corrupted_temple

Skill      XL: |  1  2  3  4  5  6  7 |
---------------+----------------------+-----
Polearms       | 4 5 6 |  6.0
Fighting       | 3 4 5 |  5.8
Armour         | 2 |  2.7
Throwing       | |  1.0
Stealth        | |  2.6

Action                   |  1- 3 |  4- 6 |  7- 9 || total
-------------------------+-------+-------+-------++-------
Melee: Spear             |    65 |   166 |    57 ||   288
Throw: Javelin           |       |     3 |       ||     3
  Use: Potion            |       |     6 |       ||     6
 Stab: Sleeping          |     9 |     2 |       ||    11
  Eat: Chunk             |     1 |     7 |       ||     8
       Bread ration      |       |     1 |       ||     1
Armor: Robe              |     3 |     2 |       ||     5
       Chain mail        |       |    22 |    27 ||    49
       Skin              |       |     5 |       ||     5
       Leather armour    |       |     3 |       ||     3
Dodge: Dodged            |    22 |    33 |    13 ||    68
